Map: Frozen Temple

Players

Polt - Winner!

  • Race: Terran Terran

ShaDoWn

  • Race: Protoss Protoss

Event: 2016 WCS Summer Circuit Championship (DH Montreal)

VOD

Have the link to the VOD?

Description

Time

  • Played on: Aug. 12, 2016, 7:43 p.m.
  • Length: 11:08

All games in this series

Show
View Real Time Build Order
Export as new Build Order

Polt Terran - Winner!

Build Orders:  

Get SALT Encoding   

  12  0:00  SCV  
  13  0:12  SCV  
  14  0:18  Supply Depot  
  14  0:24  SCV  
  15  0:39  SCV  
  15  0:41  Barracks  
  16  0:44  Refinery  
  16  0:51  SCV  
  17  1:03  SCV  
  18  1:15  SCV  
  19  1:27  Barracks Reactor, Orbital Command  
  19  1:41  Command Center  
  19  1:52  Supply Depot  
  19  1:53  SCV  
  20  2:03  Marine x2  
  20  2:05  SCV  
  23  2:09  Factory  
  23  2:17  Bunker  
  23  2:22  Marine x2  
  25  2:28  Refinery  
  25  2:35  SCV  
  26  2:40  Marine x2  
  28  2:46  Engineering Bay  
  28  2:49  SCV  
  29  2:55  Starport  
  29  2:57  Factory Tech Lab  
  29  3:04  Marine x2  
  31  3:16  Siege Tank  
  34  3:21  Bunker  
  34  3:27  Orbital Command  
  34  3:36  Marine x2  
  34  3:41  Medivac  
  38  3:45  SCV  
  38  3:54  Marine x2  
  40  3:58  SCV  
  40  3:59  SCV  
  42  4:06  Siege Tank  
  45  4:11  SCV  
  45  4:15  Supply Depot  
  46  4:17  Missile Turret  
  40  4:41  SCV x2  
  32  4:53  Marine x2  
  32  4:55  Cyclone  
  32  4:56  SCV x2  
  39  5:00  Viking  
  41  5:07  Missile Turret  
  41  5:11  Marine x2  
  42  5:17  Orbital Command  
  42  5:31  Marine x2, Siege Tank  
  47  5:46  Supply Depot  
  47  5:47  Bunker  
  47  5:51  Bunker  
  47  5:54  Supply Depot  
  47  5:57  Liberator  
  47  6:08  Siege Tank  
  50  6:15  Marine x2  
  55  6:23  SCV  
  55  6:24  SCV  
  57  6:31  Barracks  
  55  6:52  Orbital Command  
  55  6:55  Marine x2  
  55  6:57  Liberator  
  57  7:02  Barracks x2  
  57  7:04  Barracks  
  57  7:13  SCV  
  57  7:14  Factory Reactor  
  61  7:30  SCV  
  61  7:35  Supply Depot, SCV  
  63  7:37  Barracks Tech Lab  
  63  7:46  SCV  
  63  7:47  SCV  
  61  7:59  SCV  
  61  8:00  SCV  
  61  8:04  Marine x2  
  61  8:05  Combat Shields, Marine x3  
  69  8:06  Stimpack  
  69  8:09  Starport Reactor  
  69  8:11  SCV  
  69  8:12  Refinery, SCV  
  70  8:16  Engineering Bay  
  70  8:19  Supply Depot  
  70  8:23  SCV  
  70  8:24  SCV  
  72  8:28  Barracks Reactor  
  72  8:29  Marine x3  
  72  8:30  Marine  
  72  8:33  Widow Mine  
  78  8:40  SCV x2  
  80  8:42  Supply Depot  
  80  8:50  Medivac x2  
  80  8:55  Marine x2  
  84  8:58  Supply Depot  
  84  9:00  Refinery  
  84  9:01  Supply Depot  
  86  9:05  Supply Depot  
  86  9:19  Marine x6  
  86  9:20  Marine x2  
  93  9:37  Marine x6  
  93  9:38  Marauder x2  
  103  9:46  Medivac x2  
  103  9:50  Widow Mine  
  105  10:07  Marine x5, Marauder x2  
  105  10:08  Liberator x2, Marine  
  105  10:22  Widow Mine  
  107  10:33  Marauder  
  107  10:34  Marauder  
  107  10:39  Marine x4  
  107  10:42  Marine x2  
Show
View Real Time Build Order
Export as new Build Order

ShaDoWn Protoss 

Build Orders: Oracle Opening 

Get SALT Encoding   

  12  0:00  Probe (Chrono Boost)  
  13  0:11  Probe (Chrono Boost)  
  14  0:18  Pylon  
  14  0:22  Probe (Chrono Boost)  
  15  0:36  Probe (Chrono Boost), Gateway  
  15  0:42  Assimilator  
  16  0:47  Probe (Chrono Boost)  
  17  0:50  Assimilator  
  17  0:57  Probe (Chrono Boost)  
  18  1:07  Gateway  
  18  1:08  Probe (Chrono Boost)  
  20  1:18  Probe (Chrono Boost)  
  20  1:23  Cybernetics Core  
  20  1:29  Probe (Chrono Boost)  
  20  1:30  Pylon  
  21  1:39  Probe (Chrono Boost)  
  22  1:50  Probe (Chrono Boost)  
  23  1:58  Warp Gate  
  23  1:59  Stalker  
  23  2:00  Stalker  
  23  2:01  Mothership Core (Chrono Boost)  
  29  2:12  Pylon  
  29  2:29  Stalker  
  31  2:30  Stalker  
  33  2:37  Gateway  
  33  2:57  Stargate  
  33  3:05  Pylon  
  33  3:07  Pylon  
  33  3:16  Pylon  
  33  3:17  Pylon  
  33  3:19  Probe (Chrono Boost), Pylon  
  34  3:23  Pylon  
  34  3:24  Stalker  
  36  3:30  Stalker  
  38  3:38  Oracle  
  41  3:49  Pylon  
  40  4:06  Adept  
  40  4:07  Adept x2  
  46  4:12  Pylon, Phoenix  
  48  4:34  Adept x3  
  44  5:02  Stalker x3  
  50  5:26  Stalker x3  
  52  5:58  Nexus  
  53  6:04  Probe (Chrono Boost)  
  53  6:06  Stalker x2  
  57  6:11  Sentry  
  57  6:15  Probe (Chrono Boost)  
  60  6:26  Probe (Chrono Boost)  
  60  6:27  Pylon  
  61  6:36  Probe (Chrono Boost)  
  62  6:45  Phoenix  
  64  6:48  Probe (Chrono Boost)  
  64  6:53  Twilight Council  
  62  7:01  Probe (Chrono Boost)  
  63  7:10  Phoenix  
  63  7:12  Probe (Chrono Boost)  
  63  7:13  Probe (Chrono Boost)  
  67  7:19  Charge  
  68  7:23  Probe (Chrono Boost)  
  68  7:24  Probe (Chrono Boost)  
  69  7:35  Probe (Chrono Boost)  
  70  7:38  Pylon  
  70  7:42  Assimilator  
  70  7:44  Assimilator  
  70  7:56  Probe (Chrono Boost)  
  70  7:58  Probe (Chrono Boost)  
  72  8:01  Zealot x3  
  78  8:07  Pylon  
  78  8:10  Pylon  
  78  8:26  Zealot x2, Mothership Core (Chrono Boost)  
  85  8:27  Probe (Chrono Boost)  
  85  8:31  Zealot  
  87  8:39  Probe (Chrono Boost)  
  88  8:44  Robotics Facility  
  88  8:46  Gateway  
  88  8:55  Gateway  
  88  9:02  Zealot x2  
  92  9:03  Zealot  
  94  9:24  Pylon  
  94  9:25  Nexus  
  94  9:29  Pylon  
  94  9:48  Zealot x3  
  98  10:03  Pylon x2  
  98  10:11  Zealot x2  
  98  10:12  Zealot  
  102  10:22  Pylon x2  
  89  10:29  Zealot  
  85  10:37  Zealot  
  85  10:41  Probe (Chrono Boost)  
  62  10:47  Probe (Chrono Boost)  
  52  10:50  Probe (Chrono Boost)  
Tags
 
Add a new tag
Caveats
  • Supply blocks, unpowered buildings, or Contaminate may cause inaccurate times.
  • Supply counts are checked every 10 seconds.